groovejumper, neutral female human Wizard ------------ --------------- |..........+ #..<...........| -------------- |..........| ###|.............| |............| |`.........| # |.............| |...------...| |..>..../..| ###########+......#......| |...| |...| ---.--.----- # --------------- |...------...| # ## # ### |............-# *## # # # ---------|-+--`########*#####`############################# # Q@#### ### # ---.---|----|-- #### # |.............| # # |.............| ####### # |.............| # -|----.--- |.............| |..<.....| |............[| |........| --------------- .........| ---------- groovejumper the Thaumaturge Experience level: 8 Strength: 9 Dexterity: 14 Constitution: 13 Intelligence: 19 Wisdom: 16 Charisma: 9 Health: 0(59) Energy: 54(71) Def: 1 Gold: 1148 Moves: 4104 Dungeon seed: MjFA7_xlv37kMaaU Game ID: groovejumper_1475508099 Your Inventory: Coins $ - 1148 gold pieces Amulets k - an uncursed amulet of magical breathing Weapons a - a blessed +1 quarterstaff (weapon in hands) Armor e - an uncursed +0 cloak of magic resistance (being worn) n - an uncursed very rusty +0 pair of iron shoes (being worn) Comestibles j - 3 uncursed sprigs of wolfsbane O - an uncursed tripe ration T - an uncursed banana Scrolls h - a cursed scroll of enchant armor q - 2 uncursed scrolls of identify v - an uncursed scroll of stinking cloud A - an uncursed scroll of enchant weapon C - an uncursed scroll of destroy armor E - an uncursed scroll of teleportation J - an uncursed scroll of light M - an uncursed scroll of enchant armor Spellbooks b - a blessed spellbook of force bolt c - an uncursed spellbook of remove curse t - an uncursed spellbook of cure sickness Potions g - 3 potions of holy water o - an uncursed potion of fruit juice D - an uncursed potion of hallucination S - an uncursed potion of gain level Rings u - an uncursed ring of free action H - an uncursed ring of conflict K - an uncursed +3 ring of increase accuracy Wands U - an uncursed wand of fire (0:8) Tools w - an uncursed magic whistle B - an uncursed blindfold G - an uncursed +0 pick-axe L - an uncursed leash R - an uncursed skeleton key Spells and supernatural/magical abilities: Name Level Category Fail Memory a - force bolt 1 attack 0% 80% r - remove curse 3 clerical 56% 80% K - cure sickness 3 healing 56% 86% W - pray for help -- divine ? -- Your skills at the end: Miscellaneous Skills wands [Basic] Weapon Skills quarterstaff [Basic] Spellcasting Skills attack spells [Skilled] enchantment spells [Basic] Final Attributes: You were devoutly aligned. You were poison resistant. You were magic-protected. Your writing hand was ok. You were telepathic. You were somewhat stealthy. You are dead. Vanquished creatures: a flaming sphere a giant a piranha an imp 4 Mordor orcs a rock piercer 2 shriekers a violet fungus 2 gray oozes 4 elf zombies 4 floating eyes a dwarf a kobold lord 4 iguanas 2 hill orcs a rabid rat 2 jitterbugs 2 giant bats a hobbit 3 geckos a hobgoblin a brown mold 2 yellow molds a green mold a red mold 2 gnomes 7 garter snakes 11 jackals 3 kobolds 3 newts 4 goblins a sewer rat a grid bug 6 lichens 83 creatures vanquished. Voluntary challenges: You did not cause conflict. You were not invisible. You did not have reflection. You were not displaced. You used a wielded weapon 47 times, starting on turn 20. You did not apply a unicorn horn. You did not use plumbed fixtures. You did not drink any magical draughts. You read items or engraved 7 times, starting on turn 1177. You never genocided any monsters. You never polymorphed an object. You never changed form. You used no wishes. You never split a pudding. You wrote Elbereth's name 1 time, starting on turn 4104. You violated your moral code, losing 2 points of alignment, starting on turn 3493. Dungeon overview: The Dungeons of Doom: levels 1 to 9 Level 1 a long staircase Level 2 some fountains stairs to The Gnomish Mines Level 3 Level 4 an altar to Anhur, a fountain, a sink Level 5 Level 6 an altar to Thoth Level 7 an altar to Ptah Level 8 many fountains Level 9 <- You were here a sink a long staircase The Gnomish Mines: Level 3 stairs to The Dungeons of Doom History has recorded: On T:1 you entered the Dungeons of Doom to retrieve the Amulet of Yendor! On T:338 you reached level 2 of The Dungeons of Doom. On T:453 you advanced to experience level 2. On T:651 you reached level 1 of The Gnomish Mines. On T:652 you advanced to experience level 3. On T:791 you reached level 3 of The Dungeons of Doom. On T:1126 you advanced to experience level 4. On T:1246 you reached level 4 of The Dungeons of Doom. On T:1603 you reached level 5 of The Dungeons of Doom. On T:1925 you advanced to experience level 5. On T:2235 you reached level 6 of The Dungeons of Doom. On T:2876 you reached level 7 of The Dungeons of Doom. On T:2987 you advanced to experience level 6. On T:3385 you reached level 8 of The Dungeons of Doom. On T:3485 you received advice from The Oracle. On T:3485 you advanced to experience level 7. On T:3486 you advanced to experience level 8. On T:3676 you reached level 9 of The Dungeons of Doom. Score breakdown: Gold: 1148 ( 114 points) Experience: 8 levels ( 700 points) Exploration: 9 levels ( 240 points) Discoveries: 20 items ( 1000 points) Variety of kills: 34 monsters ( 1700 points) Major goal: (nothing yet) ( 0 points) Survival: died (score multiplied by 3) Total score: 11262 Latest messages: The spell misses the Grey-elf. The Grey-elf swings his runed broadsword at the wizard. The Grey-elf hacks you! The spell misses the Grey-elf. The Grey-elf swings his runed broadsword at the wizard. The Grey-elf hacks you! You hear some noises. The spell misses the Grey-elf. The Grey-elf swings his runed broadsword at the wizard. The Grey-elf slashes you! The spell hits the Grey-elf! The Grey-elf swings his runed broadsword at the wizard. The Grey-elf hacks you! You write in the dust with your fingers. The gold golem turns to flee! The Grey-elf swings his runed broadsword at the wizard. The Grey-elf hacks you! You die... Final status: Goodbye groovejumper the Wizard, killed by a Grey-elf... You died in The Dungeons of Doom on dungeon level 9 with 11262 points, and 1148 pieces of gold, after 4104 moves. You were level 8 with a maximum of 59 hit points when you died.